 Dungeon Crawl Stone Soup version 0.18-a0-1497-g788d838 (webtiles) character file.

82 Tomstefer the Insei (level 4, 0/24 HPs)
             Began as a Vine Stalker Monk on Mar 4, 2016.
             Killed by divine providence
             ... invoked by an orc priest
              (10 damage)
             ... on level 3 of the Dungeon.
             The game lasted 00:02:18 (1457 turns).

Tomstefer the Insei (Vine Stalker Monk)             Turns: 1457, Time: 00:02:18

Health: 0/24       AC:  6    Str: 14    XL:     4   Next: 43%
Magic:  0/5        EV: 12    Int: 10    God:
Gold:   117        SH:  5    Dex: 17    Spells: 0 memorised, 3 levels left

rFire  . . .     SeeInvis .       - Unarmed
rCold  . . .     Gourm    .     i - +0 leather armour
rNeg   . . .     Faith    .     (no shield)
rPois  .         Spirit   +     f - +2 hat
rElec  .         Dismiss  .     e - +0 cloak
rCorr  .         Reflect  +     (no gloves)
SustAt .         Harm     .     (no boots)
MR     .....                    n - +5 amulet of reflection
Stlth  ++........               (no ring)
                                (no ring)

@: not resistant to hostile enchantments, unstealthy
A: fangs 2, regeneration 1, magic shield, antimagic bite, no device heal 3, rot
immunity
a: no special abilities


You were on level 3 of the Dungeon.
You were not hungry.

You visited 1 branch of the dungeon, and saw 3 of its levels.

You collected 117 gold pieces.

Inventory:

Armour
 a - a +0 robe
 e - a +0 cloak (worn)
 f - a +2 hat (worn)
 i - a +0 leather armour (worn)
Jewellery
 n - a +5 amulet of reflection (around neck)
 p - an uncursed ring of ice {unknown}
Scrolls
 g - 3 scrolls of identify {unknown}
 j - a scroll of remove curse {unknown}
 o - a scroll of recharging {unknown}
Potions
 h - a potion of haste {unknown}
 k - a potion of might {unknown}
 l - 2 potions of curing {unknown}
 m - a potion of degeneration {unknown}
Comestibles
 b - 2 bread rations
 c - 7 chunks of flesh
 d - a meat ration
 q - a royal jelly


   Skills:
 + Level 3.5 Fighting
 + Level 2.4 Dodging
 - Level 2.4 Stealth
 * Level 5.1 Unarmed Combat


You had 3 spell levels left.
You didn't know any spells.

Dungeon Overview and Level Annotations

Branches:
Dungeon (3/15)

Altars:


Innate Abilities, Weirdness & Mutations

You have extremely sharp teeth.
Your natural rate of healing is unusually fast.
When hurt, damage is shared between your health and your magic reserves.
Your bite disrupts and absorbs the magic of your enemies.
Potions and wands cannot restore your health.
You are immune to rotting.


Message History

Pain shoots through your body!
The orc moves out of view.
You hit the hobgoblin. Your bite misses the hobgoblin.
The hobgoblin is severely wounded.
The hobgoblin hits you with a club.
You closely miss the hobgoblin. You punch the hobgoblin.
You bite the hobgoblin. You drain its power.
You kill the hobgoblin!
The orc priest invokes the aid of Beogh against you.
Beogh smites you!
You punch the orc!
You kill the orc!
You closely miss the orc priest. You bite the orc priest. You drain its power.
You feel invigorated.
The orc priest is lightly wounded.
The orc priest hits you.
You hit the orc priest. Your bite misses the orc priest.
The orc priest is moderately wounded.
The orc priest mumbles some strange prayers to Beogh against you.
Beogh smites you!
You die...

.# .# .# .#
.### o..
###########o#
#..(......@.#
#.###########
#.# #.#
#####.#####
#.........#
#.#######.#
#.##.# #.##.#


You could see an orc priest and an orc.

Vanquished Creatures
  3 adders (D:2)
  An ooze (D:1)
  3 worms (D:2)
  2 dart slugs
  A giant gecko (D:2)
  2 orcs (D:3)
  3 bats (D:2)
  3 giant cockroaches
  2 goblins
  2 hobgoblins
  2 jackals (D:1)
  2 quokkas
  A ball python (D:2)
  2 giant newts (D:2)
  5 kobolds
  2 rats
36 creatures vanquished.

Notes
Turn   | Place    | Note
--------------------------------------------------------------
     0 | D:1      | Tomstefer the Vine Stalker Monk began the quest for the Orb.
     0 | D:1      | Reached XP level 1. HP: 11/11 MP: 2/2
   292 | D:1      | Reached XP level 2. HP: 16/16 MP: 3/3
   732 | D:2      | Reached XP level 3. HP: 20/20 MP: 4/4
  1128 | D:2      | Reached XP level 4. HP: 24/24 MP: 5/5
  1232 | D:2      | Reached skill level 5 in Unarmed Combat
  1457 | D:3      | Killed from afar by an orc priest

Vault maps used:
D:1:      dpeg_arrival_simpleton_c
D:2:      first_bread, kennysheep_cluttered_room
D:3:      minmay_crystal_water, st_stairs_9, uniq_iyjb, uniq_terence

Skill      XL: |  1  2  3  4 |
---------------+-------------+-----
Fighting       | 3 |  3.5
Unarmed Combat | 5 |  5.1
Dodging        | |  2.4
Stealth        | |  2.4

Action                   |  1- 3 |  4- 6 || total
-------------------------+-------+-------++-------
Melee: Unarmed           |    90 |    35 ||   125
 Stab: Sleeping          |     5 |     2 ||     7
  Eat: Chunk             |     1 |     1 ||     2
